Map: Frozen Temple

Players

Naattt - Winner!

  • Race: Zerg Zerg
  • League: Master

TheHeatBeech

  • Race: Terran Terran

VOD

Have the link to the VOD?

Description

Time

  • Played on: Oct. 20, 2016, 6:14 p.m.
  • Length: 23:03
Show
View Real Time Build Order
Export as new Build Order

Naattt Zerg - Winner!

Build Orders: Hatch First 

Get SALT Encoding   

  12  0:01  Drone  
  13  0:11  Drone  
  14  0:17  Overlord  
  14  0:29  Extractor  
  14  0:31  Drone  
  15  0:37  Drone x2  
  17  0:56  Unknown, Hatchery  
  16  1:00  Drone  
  17  1:06  Extractor  
  17  1:08  Drone x2  
  18  1:23  Spawning Pool  
  17  1:29  Drone  
  17  1:31  Drone  
  19  1:53  Drone x2  
  21  2:00  Overlord  
  21  2:07  Unknown  
  21  2:09  Zergling x2  
  21  2:11  Queen x2  
  21  2:15  Zergling x2  
  27  2:18  Zergling x2  
  28  2:24  Metabolic Boost  
  26  2:44  Drone x5  
  30  2:54  Drone  
  30  2:57  Overlord  
  31  3:08  Queen  
  33  3:27  Unknown, Hatchery, Drone x3  
  35  3:35  Drone x4  
  39  3:44  Drone x3  
  41  3:59  Zergling x6  
  41  4:00  Zergling x2  
  44  4:12  Lair, Evolution Chamber  
  44  4:13  Evolution Chamber, Zergling x2  
  44  4:14  Zergling x2  
  44  4:21  Overlord  
  44  4:38  Baneling Nest  
  44  4:39  Unknown  
  44  4:41  Zergling x2  
  44  4:42  Zergling x14  
  44  4:43  Zergling x8  
  55  4:55  Zerg Melee Weapons Level 1  
  55  4:56  Zerg Ground Armor Level 1  
  55  5:03  Drone x2  
  55  5:04  Drone  
  58  5:07  Overlord x2  
  58  5:11  Extractor  
  58  5:12  Extractor x2  
  55  5:21  Baneling x4  
  55  5:22  Baneling  
  55  5:24  Drone x3  
  55  5:25  Drone  
  59  5:30  Spore Crawler  
  59  5:32  Spore Crawler x2  
  46  5:50  Drone  
  46  5:51  Drone x11  
  58  5:57  Overseer  
  58  6:08  Queen  
  60  6:24  Drone x3  
  60  6:25  Drone x6  
  69  6:32  Centrifical Hooks  
  69  6:40  Drone x3  
  69  6:41  Drone  
  69  6:42  Overlord x2  
  73  6:50  Overlord  
  73  6:59  Queen x2  
  73  7:01  Extractor  
  77  7:11  Unknown, Hatchery  
  76  7:17  Drone x9  
  76  7:18  Overlord  
  83  7:26  Queen  
  83  7:28  Zerg Melee Weapons Level 2  
  85  7:30  Zerg Ground Armor Level 2  
  85  7:35  Queen  
  81  7:56  Zergling x2  
  81  7:57  Zergling x16  
  90  8:01  Extractor  
  90  8:02  Extractor  
  90  8:03  Queen x2  
  92  8:07  Overlord  
  92  8:08  Infestation Pit  
  92  8:11  Queen  
  93  8:22  Unknown  
  93  8:24  Drone  
  93  8:25  Drone x4  
  98  8:36  Spire  
  98  8:39  Baneling x11  
  98  8:41  Zergling x20  
  107  8:50  Drone x5  
  107  8:52  Unknown, Hatchery  
  105  9:13  Hive  
  104  9:30  Spine Crawler  
  95  9:33  Spine Crawler  
  95  9:35  Spine Crawler, Drone  
  95  9:36  Drone x22  
  95  9:37  Spine Crawler x2, Drone  
  116  9:45  Drone x2  
  116  9:46  Drone x2  
  119  9:57  Extractor  
  119  9:58  Extractor  
  117  10:03  Unknown  
  117  10:04  Unknown, Hatchery  
  116  10:11  Overseer  
  116  10:25  Corruptor  
  116  10:26  Corruptor x4  
  116  10:28  Greater Spire  
  126  10:29  Overlord x5  
  126  10:30  Overlord  
  126  10:56  Corruptor x5  
  135  10:58  Corruptor x4  
  135  10:59  Corruptor x2  
  135  11:01  Overlord  
  135  11:02  Overlord  
  147  11:16  Unknown  
  147  11:21  Viper x3  
  147  11:22  Viper x3, Spire  
  164  11:39  Brood Lord x3  
  170  11:42  Drone  
  170  11:43  Drone x16  
  187  12:03  Extractor x2  
  187  12:07  Evolution Chamber, Zerg Flyer Weapons Level 1  
  184  12:08  Evolution Chamber  
  184  12:09  Unknown, Hatchery  
  184  12:13  Unknown, Hatchery  
  181  12:17  Pathogen Glands  
  181  12:24  Unknown, Hatchery  
  181  12:25  Brood Lord x3  
  183  12:41  Corruptor x6  
  183  12:42  Corruptor  
  185  13:03  Zerg Flyer Armor Level 1  
  185  13:04  Corruptor x2  
  185  13:05  Corruptor  
  186  13:20  Unknown  
  186  13:25  Unknown  
  179  13:35  Spore Crawler, Drone  
  179  13:36  Unknown, Drone x14  
  191  13:49  Zerg Melee Weapons Level 3, Zerg Ground Armor Level 3  
  191  13:53  Ultralisk Cavern  
  190  14:00  Drone x4  
  178  14:39  Zerg Flyer Weapons Level 2  
  178  14:47  Corruptor x6  
  178  14:48  Corruptor x4  
  182  15:18  Queen  
  182  15:19  Queen x5  
  194  15:23  Brood Lord x2  
  198  15:38  Zerg Flyer Armor Level 2  
  198  15:49  Extractor  
  197  15:50  Extractor  
  196  16:02  Extractor  
  196  16:03  Extractor  
  194  16:08  Brood Lord x2  
  198  16:15  Extractor  
  198  16:16  Extractor  
  186  16:45  Brood Lord x3  
  186  16:46  Brood Lord x3  
  190  17:14  Corruptor x2, Overlord x2  
  190  17:15  Corruptor x3  
  198  17:22  Zerg Flyer Weapons Level 3  
  170  18:06  Ultralisk  
  170  18:07  Ultralisk x3  
  194  18:59  Corruptor  
  194  19:00  Corruptor  
  195  19:16  Ultralisk  
  197  19:21  Zergling x2  
  197  19:22  Zergling x14  
  197  19:24  Chitinous Plating  
  195  19:25  Adrenal Glands  
  187  19:50  Overlord  
  187  19:54  Unknown, Hatchery  
  187  19:58  Queen  
  187  19:59  Queen x5  
  189  20:32  Ultralisk  
  189  20:33  Ultralisk x2  
  164  20:51  Mutalisk  
  164  20:52  Ultralisk x3  
  164  20:53  Ultralisk x2  
  164  20:56  Zergling x8  
  200  21:06  Unknown  
  164  21:56  Ultralisk  
  164  21:57  Ultralisk x6  
  188  22:14  Overlord  
  184  22:22  Overseer x2  
Show
View Real Time Build Order
Export as new Build Order

TheHeatBeech Terran 

Build Orders: Reaper Expand, Hellion Banshee, Mech 

Get SALT Encoding   

  12  0:01  SCV  
  13  0:13  SCV  
  14  0:18  Supply Depot  
  14  0:25  SCV  
  15  0:40  SCV  
  15  0:41  Barracks  
  16  0:45  Refinery  
  16  0:52  SCV  
  17  1:04  SCV  
  18  1:16  SCV  
  19  1:28  Reaper  
  19  1:29  Orbital Command  
  20  1:41  Command Center, Unknown  
  20  1:52  Supply Depot  
  20  1:56  SCV  
  21  2:02  Marine  
  22  2:12  SCV  
  23  2:17  Factory  
  23  2:24  SCV, Barracks Reactor  
  24  2:36  SCV  
  25  2:48  SCV  
  25  2:51  Refinery  
  26  2:52  Unknown, Orbital Command  
  26  3:00  SCV  
  27  3:08  Hellion  
  27  3:09  Hellion  
  27  3:12  SCV  
  31  3:21  SCV  
  31  3:23  Starport  
  31  3:24  SCV  
  33  3:29  Bunker  
  33  3:30  Hellion x2  
  33  3:31  Barracks Tech Lab  
  33  3:32  Supply Depot  
  33  3:33  SCV  
  38  3:36  SCV  
  39  3:45  SCV, Supply Depot  
  40  3:49  SCV  
  40  3:52  Hellion  
  40  3:53  Hellion  
  45  3:57  SCV  
  45  4:01  SCV  
  47  4:09  SCV  
  48  4:13  SCV  
  48  4:14  Cloaking Field  
  48  4:16  Command Center, Unknown  
  49  4:17  Banshee  
  49  4:24  SCV  
  53  4:25  SCV  
  54  4:36  SCV  
  54  4:38  SCV  
  52  4:39  Refinery  
  52  4:41  Refinery  
  52  4:44  Hellion x2  
  56  4:48  SCV  
  56  4:49  Factory  
  56  4:51  Factory  
  57  4:54  SCV  
  58  5:00  SCV  
  58  5:03  Banshee  
  62  5:12  Supply Depot  
  62  5:14  Supply Depot x2  
  62  5:23  Armory, Engineering Bay  
  62  5:27  SCV x2, Unknown  
  62  5:28  SCV  
  65  5:39  SCV  
  62  5:47  Factory Tech Lab x2  
  62  5:48  Orbital Command  
  54  6:06  SCV x2  
  54  6:07  Siege Tank x2  
  62  6:12  Orbital Command  
  62  6:16  Starport Reactor  
  64  6:18  SCV  
  60  6:27  SCV  
  60  6:30  SCV  
  62  6:35  Hellion x2  
  62  6:39  Liberator x2  
  66  6:40  Refinery  
  66  6:42  Supply Depot, Refinery  
  66  6:43  Supply Depot, Factory  
  66  6:44  Supply Depot  
  66  6:45  Factory  
  66  6:51  Hellion x2  
  76  7:03  SCV x3  
  76  7:07  Hellion x2  
  83  7:15  SCV x3  
  86  7:22  Hellion  
  90  7:23  Hellion  
  90  7:27  SCV x3  
  93  7:34  Siege Tank  
  96  7:38  Liberator x2  
  96  7:39  SCV x2  
  96  7:41  Infernal Pre-Igniter  
  98  7:44  Factory Reactor  
  90  7:53  SCV x2  
  95  8:01  Supply Depot x2  
  95  8:02  Terran Vehicle Weapons Level 1, Supply Depot  
  95  8:05  Armory  
  95  8:10  Command Center, Unknown  
  95  8:11  Command Center, Unknown  
  95  8:14  Missile Turret  
  95  8:15  Missile Turret  
  95  8:16  Missile Turret  
  95  8:18  Missile Turret  
  95  8:21  Liberator x2  
  95  8:22  Missile Turret  
  95  8:37  Supply Depot, Siege Tank x2  
  95  8:38  Missile Turret  
  95  8:39  Supply Depot  
  107  9:00  Thor  
  115  9:03  Hellion x3  
  115  9:09  Unknown  
  114  9:10  Unknown x2  
  114  9:21  Unknown  
  114  9:22  Unknown, Siege Tank x2  
  112  9:34  Terran Vehicle And Ship Armor Level 1  
  112  9:36  Liberator x2  
  112  9:37  Orbital Command  
  112  9:42  Widow Mine x2  
  112  9:43  Siege Tank  
  112  9:45  Hellion x2  
  123  9:50  SCV x2  
  123  9:51  SCV  
  126  9:54  Siege Tank  
  135  10:06  Sensor Tower, Planetary Fortress  
  135  10:09  SCV x2, Missile Turret, Command Center, Unknown  
  135  10:11  SCV x2  
  135  10:12  Missile Turret  
  139  10:18  Missile Turret  
  139  10:32  Siege Tank x3  
  139  10:33  Widow Mine x2  
  139  10:34  Widow Mine  
  154  10:36  Viking x2  
  154  10:38  SCV  
  154  10:39  SCV, Starport  
  154  10:41  Missile Turret  
  160  10:44  Missile Turret  
  158  10:51  SCV x2  
  152  10:57  SCV x2  
  152  11:00  Refinery  
  154  11:05  Refinery  
  154  11:06  SCV  
  154  11:08  Command Center, Unknown  
  155  11:15  Unknown  
  155  11:17  Terran Vehicle Weapons Level 2  
  155  11:21  Unknown  
  155  11:23  Starport Reactor  
  155  11:27  Starport  
  155  11:36  Planetary Fortress  
  155  11:51  Command Center, Unknown  
  155  11:54  Missile Turret  
  155  11:57  Barracks  
  155  12:01  Fusion Core  
  155  12:06  Viking  
  155  12:07  Viking x3  
  155  12:08  Viking  
  165  12:12  Thor x2  
  165  12:13  Supply Depot  
  177  12:20  Unknown  
  177  12:51  Missile Turret  
  177  13:02  Unknown  
  177  13:07  Thor x3  
  192  13:19  Hellion x2  
  196  13:20  Viking x2  
  193  13:30  Starport Tech Lab  
  193  13:31  Planetary Fortress  
  193  13:38  Missile Turret  
  193  13:39  Missile Turret  
  193  13:40  Missile Turret  
  190  13:42  Missile Turret  
  190  13:43  Viking  
  190  13:44  Sensor Tower, Viking  
  190  13:46  Terran Vehicle Weapons Level 3, Terran Vehicle And Ship Armor Level 2  
  194  14:00  Barracks  
  194  14:02  Barracks x2  
  194  14:03  Barracks Tech Lab, Ghost Academy  
  194  14:04  Barracks Tech Lab  
  192  14:14  Unknown x4  
  192  14:29  Unknown  
  192  14:31  Viking x4  
  172  14:37  Viking  
  149  14:47  Thor  
  149  14:48  Thor x2  
  154  15:01  Viking x3  
  137  15:12  Viking x2  
  134  15:19  Widow Mine x4  
  140  15:29  Barracks Tech Lab x3  
  140  15:31  Viking x3  
  140  15:35  Missile Turret  
  146  15:38  Missile Turret  
  146  15:40  Missile Turret  
  146  15:53  Ghost x4  
  146  15:54  Ghost  
  146  15:56  Missile Turret  
  156  15:58  Missile Turret  
  156  16:05  SCV x2  
  156  16:11  Viking x5  
  160  16:14  Terran Vehicle And Ship Armor Level 3  
  168  16:23  Planetary Fortress  
  160  16:44  Ghost x4  
  160  16:45  Viking x2  
  139  17:01  Viking x2  
  125  17:12  Viking  
  127  17:17  Viking x2  
  131  17:31  Viking x2  
  109  17:41  Viking  
  104  17:47  Viking x2  
  98  18:03  Refinery x2  
  98  18:04  Siege Tank x3  
  98  18:05  Widow Mine x4  
  113  18:23  Missile Turret  
  113  18:26  Missile Turret  
  113  18:28  Viking x4  
  113  18:29  Viking  
  123  18:36  Siege Tank  
  93  19:21  Viking x5  
  86  19:39  Siege Tank x2  
  86  19:40  Siege Tank  
  95  19:51  Viking x2  
  99  19:54  Widow Mine x4, Orbital Command  
  99  19:56  Refinery  
  107  20:01  Missile Turret  
  107  20:04  Refinery  
  107  20:15  Missile Turret  
  107  20:17  Missile Turret  
  82  20:48  Thor x2  
  80  20:55  Orbital Command  
  78  21:01  Liberator  
  78  21:53  Thor  
  82  21:56  Hellbat x3  
  82  21:57  Hellbat x3  
  76  22:17  Hellbat  
  76  22:18  Hellbat  
  59  22:38  SCV x2  
  59  22:39  SCV x4  
  63  22:50  SCV  
Tags
 
Add a new tag
Caveats
  • Supply blocks, unpowered buildings, or Contaminate may cause inaccurate times.
  • Supply counts are checked every 10 seconds.